MLB
MIAMI MARLINS @ DETROIT TIGERS
03/15/2024
 
TOP OF THE 1ST
Miami Marlins batting - Pitching for Detroit Tigers : RHP Chris Scalise
Pitching: RHP Chris Scalise
Batting: RHB Luis Seda 0-0: Ball
1-0: Foul Ball, location: 2F
1-1: Ground out 5-3 (Groundball, 56, EV 88.8 MPH)
Batting: LHB Gary Hardy 0-0: Fly out, F8 (Line Drive, 89M, EV 98.8 MPH)
Batting: RHB Ronald Acuna 0-0: Called Strike
0-1: Fly out, F8 (Flyball, 89M, EV 86.9 MPH)
Top of the 1st over - 0 runs, 0 hits, 0 errors, 0 left on base; Miami 0 - Detroit 0
BOTTOM OF THE 1ST
Detroit Tigers batting - Pitching for Miami Marlins : RHP Jorge Fernández
Pitching: RHP Jorge Fernández
Batting: RHB Bill La 0-0: Foul Ball, location: 25F
0-1: Foul Ball, location: 2F
0-2: Ball
1-2: Ball
2-2: Strikes out swinging
Batting: LHB Jacob Skole 0-0: Called Strike
0-1: Ball
1-1: Foul Ball, location: 5SF
1-2: Foul Ball, location: 7LMF
1-2: Fly out, F8 (Line Drive, 89M, EV 91.9 MPH)
Batting: LHB Devin Lewis 0-0: Called Strike
0-1: Ball
1-1: Swinging Strike
1-2: Ball
2-2: Ball
3-2: Strikes out swinging
Bottom of the 1st over - 0 runs, 0 hits, 0 errors, 0 left on base; Miami 0 - Detroit 0
TOP OF THE 2ND
Miami Marlins batting - Pitching for Detroit Tigers : RHP Chris Scalise
Batting: LHB Brandon Grieve 0-0: Foul Ball, location: 7LMF
0-1: Fly out, F9 (Flyball, 89M, EV 91.9 MPH)
Batting: RHB Wallace King 0-0: Ground out 6-3 (Groundball, 6, EV 87.5 MPH)
Batting: RHB Max Baker 0-0: Called Strike
0-1: DOUBLE (Flyball, 8RXD, EV 105.6 MPH)
Batting: LHB Pavin Smith 0-0: Called Strike
0-1: Ball
1-1: Foul Ball, location: 9LDF
1-2: Strikes out swinging
Top of the 2nd over - 0 runs, 1 hit, 0 errors, 1 left on base; Miami 0 - Detroit 0
BOTTOM OF THE 2ND
Detroit Tigers batting - Pitching for Miami Marlins : RHP Jorge Fernández
Batting: SHB Jake Venables 0-0: Ball
1-0: Ball
2-0: DOUBLE (Line Drive, 9LS, EV 105.0 MPH)
Batting: RHB Juan Espinoza 0-0: DOUBLE (Flyball, 8RXD, EV 100.6 MPH)
Jake Venables scores
Batting: RHB Bradley Archer 0-0: SINGLE (Line Drive, 7S, EV 101.3 MPH)
Juan Espinoza to third
Batting: LHB Tyler Callihan 0-0: Ball
1-0: Swinging Strike
1-1: Swinging Strike
1-2: Ball
2-2: Strikes out looking
Batting: RHB Christopher Hines 0-0: Called Strike
0-1: Swinging Strike
0-2: Foul Ball, location: 23F
0-2: Ball
1-2: Ball
2-2: 3-RUN HOME RUN (Flyball, 78XD, EV 99.4 MPH), Distance : 373 ft
Batting: LHB Enrique Bradfield 0-0: Ball
1-0: Ground out U3 (Groundball, 23, EV 76.3 MPH)
Batting: RHB Bill La 0-0: Fly out, F8 (Flyball, 8LS, EV 82.5 MPH)
Bottom of the 2nd over - 4 runs, 4 hits, 0 errors, 0 left on base; Miami 0 - Detroit 4
TOP OF THE 3RD
Miami Marlins batting - Pitching for Detroit Tigers : RHP Chris Scalise
Batting: RHB John O'Herlihy 0-0: Ball
1-0: Called Strike
1-1: Ball
2-1: DOUBLE (Line Drive, 8RD, EV 97.5 MPH)
Batting: LHB Kahlil Watson 0-0: Called Strike
0-1: Ball
1-1: Foul Ball, location: 9LMF
1-2: Strikes out swinging
Batting: RHB Luis Seda 0-0: Ball
1-0: Ground out 6-3 (Groundball, 6, EV 100.6 MPH)
Batting: LHB Gary Hardy 0-0: Called Strike
0-1: Foul Ball, location: 7LMF
0-2: Foul Ball, location: 9LDF
0-2: Foul Ball, location: 5FF
0-2: Foul Ball, location: 2F
0-2: Ball
1-2: Strikes out swinging
Top of the 3rd over - 0 runs, 1 hit, 0 errors, 1 left on base; Miami 0 - Detroit 4
BOTTOM OF THE 3RD
Detroit Tigers batting - Pitching for Miami Marlins : RHP Jorge Fernández
Batting: LHB Jacob Skole 0-0: Foul Ball, location: 5FF
0-1: Ball
1-1: Ball
2-1: Ball
3-1: Base on Balls
Batting: LHB Devin Lewis 0-0: Called Strike
0-1: Called Strike
0-2: Ball
1-2: Strikes out swinging
Batting: SHB Jake Venables 0-0: Swinging Strike
0-1: Called Strike
0-2: Fielders Choice at 2nd, 4-6 (Groundball, 4, EV 79.4 MPH)
Batting: RHB Juan Espinoza 0-0: Ball
1-0: Ball
2-0: Called Strike
2-1: Called Strike
2-2: Foul Ball, location: 3SF
2-2: Fly out, F8 (Flyball, 78S, EV 83.8 MPH)
Bottom of the 3rd over - 0 runs, 0 hits, 0 errors, 1 left on base; Miami 0 - Detroit 4
TOP OF THE 4TH
Miami Marlins batting - Pitching for Detroit Tigers : RHP Chris Scalise
Batting: RHB Ronald Acuna 0-0: Foul Ball, location: 23F
0-1: Foul Ball, location: 2F
0-2: Ball
1-2: Foul Ball, location: 23FF
1-2: SINGLE (Line Drive, 4MD, EV 104.4 MPH)
Batting: LHB Brandon Grieve 0-0: Called Strike
0-1: SINGLE (Flyball, 4D, EV 93.1 MPH)
Ronald Acuna to second
Batting: RHB Wallace King 0-0: Called Strike
0-1: Ball
1-1: SINGLE (Line Drive, 7S, EV 104.4 MPH)
Ronald Acuna to third
Brandon Grieve to second
Batting: RHB Max Baker 0-0: Called Strike
0-1: Foul Ball, location: 7LSF
0-2: Ball
1-2: Foul Ball, location: 2F
1-2: Foul Ball, location: 2F
1-2: Fly out, F9 (Flyball, 9, EV 87.5 MPH)
Runner from 3rd tags up, SCORES, throw by RF
Brandon Grieve to third
Batting: LHB Pavin Smith 0-0: Ball
1-0: Called Strike
1-1: Foul Ball, location: 2F
1-2: Ball
2-2: Foul Ball, location: 2F
2-2: Ball
3-2: Grounds into double play, 3-6-3 (Groundball, 3, EV 81.9 MPH)
Top of the 4th over - 1 run, 3 hits, 0 errors, 1 left on base; Miami 1 - Detroit 4
BOTTOM OF THE 4TH
Detroit Tigers batting - Pitching for Miami Marlins : RHP Jorge Fernández
Pitching: LHP Mike Sims
Batting: RHB Bradley Archer 0-0: Called Strike
0-1: Foul Ball, location: 5F
0-2: Foul Ball, location: 9LSF
0-2: Ball
1-2: Ground out 6-3 (Groundball, 6, EV 98.8 MPH)
Batting: LHB Tyler Callihan 0-0: Ball
1-0: Called Strike
1-1: Ball
2-1: Ball
3-1: Base on Balls
Batting: RHB Christopher Hines 0-0: Called Strike
0-1: Grounds into double play, 4-6-3 (Groundball, 4, EV 76.9 MPH)
Bottom of the 4th over - 0 runs, 0 hits, 0 errors, 0 left on base; Miami 1 - Detroit 4
TOP OF THE 5TH
Miami Marlins batting - Pitching for Detroit Tigers : RHP Chris Scalise
Now at C: Matt Wieters
Now at 2B: Christopher Hines
Now at SS: Dansby Swanson
Batting: RHB John O'Herlihy 0-0: Called Strike
0-1: Ground out 3-1 (Groundball, 34S, EV 66.9 MPH)
Batting: LHB Kahlil Watson 0-0: Ball
1-0: Foul Ball, location: 23F
1-1: Foul Ball, location: 23F
1-2: Ball
2-2: Strikes out swinging
Batting: RHB Luis Seda 0-0: Ball
1-0: Ball
2-0: Ball
3-0: Called Strike
3-1: Foul Ball, location: 9LMF
3-2: Strikes out swinging
Top of the 5th over - 0 runs, 0 hits, 0 errors, 0 left on base; Miami 1 - Detroit 4
BOTTOM OF THE 5TH
Detroit Tigers batting - Pitching for Miami Marlins : LHP Mike Sims
Now in LF: Pete Beard
Batting: LHB Enrique Bradfield 0-0: Ball
1-0: Foul Ball, location: 7LMF
1-1: Ball
2-1: Swinging Strike
2-2: Ball
3-2: Base on Balls
Batting: RHB Bill La 0-0: Called Strike
Enrique Bradfield steals 2nd base
0-1: Ball
1-1: Foul Ball, location: 2F
1-2: Strikes out swinging
Batting: LHB Jacob Skole 0-0: Ball
1-0: Ball
2-0: SINGLE (Line Drive, 3D, EV 95.6 MPH)
Enrique Bradfield to third
Runner from 3rd tries for Home, SAFE, throw by RF to home
Batting: RHB Dansby Swanson 0-0: Called Strike
0-1: Called Strike
0-2: Foul Ball, location: 2F
0-2: Foul Ball, location: 3F
0-2: Ball
1-2: Ball
2-2: Ball
3-2: Strikes out swinging
Pitching: LHP Michael Kirian
Batting: SHB Jake Venables 0-0: Ball
1-0: Swinging Strike
1-1: Ball
2-1: Fly out, F7 (Line Drive, 7S, EV 96.3 MPH)
Bottom of the 5th over - 1 run, 1 hit, 0 errors, 1 left on base; Miami 1 - Detroit 5
TOP OF THE 6TH
Miami Marlins batting - Pitching for Detroit Tigers : RHP Chris Scalise
Now in CF: Lucas Edgar
Pinch Hitting: LHB Tony Cooper 0-0: Ball
1-0: Ball
2-0: Ball
3-0: Called Strike
3-1: Swinging Strike
3-2: Fly out, F9 (Flyball, 9D, EV 85.6 MPH)
Pinch Hitting: LHB Travis Swaggerty 0-0: Ball
1-0: Ball
2-0: Ball
3-0: Called Strike
3-1: Foul Ball, location: 2F
3-2: Strikes out swinging
Batting: RHB Pete Beard 0-0: Foul Ball, location: 2F
0-1: SINGLE (Popup, 56S, EV 72.5 MPH)
Batting: RHB Grant Delpit 0-0: Ball
1-0: Ball
2-0: Ball
3-0: Ground out 6-3 (Groundball, 6S, EV 69.4 MPH)
Top of the 6th over - 0 runs, 1 hit, 0 errors, 1 left on base; Miami 1 - Detroit 5
BOTTOM OF THE 6TH
Detroit Tigers batting - Pitching for Miami Marlins : LHP Michael Kirian
Now at C: Endy Rodriguez
Now at 3B: Tony Cooper
Now in CF: Travis Swaggerty
Now in RF: Jacob Pearson
Batting: SHB Matt Wieters 0-0: Foul Ball, location: 2LF
0-1: Ball
1-1: Called Strike
1-2: Ball
2-2: Strikes out looking
Batting: RHB Joe Sherburne 0-0: Fly out, F7 (Flyball, 7S, EV 94.4 MPH)
Pinch Hitting: RHB Eloy Jimenez 0-0: Called Strike
0-1: Fly out, F9 (Flyball, 89M, EV 88.1 MPH)
Bottom of the 6th over - 0 runs, 0 hits, 0 errors, 0 left on base; Miami 1 - Detroit 5
TOP OF THE 7TH
Miami Marlins batting - Pitching for Detroit Tigers : RHP Chris Scalise
Pitching: RHP Rich Mason
Now at 1B: Eloy Jimenez
Batting: SHB Endy Rodriguez 0-0: Ball
1-0: Ball
2-0: Ball
3-0: Called Strike
3-1: Foul Ball, location: 5DF
3-2: Strikes out swinging
Pinch Hitting: RHB Nate Fassnacht 0-0: Ball
1-0: Called Strike
1-1: Foul Ball, location: 2F
1-2: Ground out 4-3 (Groundball, 4S, EV 85.0 MPH)
Batting: LHB Jacob Pearson 0-0: Ball
1-0: Ball
2-0: Foul Ball, location: 2F
2-1: Ball
3-1: Base on Balls
Pinch Hitting: RHB Edgardo Cortéz 0-0: Foul Ball, location: 3F
0-1: Called Strike
Jacob Pearson is caught stealing 2nd base 2-4
Top of the 7th over - 0 runs, 0 hits, 0 errors, 0 left on base; Miami 1 - Detroit 5
BOTTOM OF THE 7TH
Detroit Tigers batting - Pitching for Miami Marlins : LHP Michael Kirian
Now at 1B: Nate Fassnacht
Now at SS: Edgardo Cortéz
Batting: RHB Christopher Hines 0-0: Called Strike
0-1: Foul Ball, location: 7LMF
0-2: SINGLE (Groundball, 6, EV 107.5 MPH) (infield hit)
Batting: RHB Lucas Edgar 0-0: Foul Ball, location: 2F
0-1: Grounds into double play, 5-4-3 (Groundball, 15, EV 78.8 MPH)
Batting: RHB Bill La 0-0: Foul Ball, location: 9LMF
0-1: Swinging Strike
0-2: Foul Ball, location: 3F
0-2: Strikes out swinging
Bottom of the 7th over - 0 runs, 1 hit, 0 errors, 0 left on base; Miami 1 - Detroit 5
TOP OF THE 8TH
Miami Marlins batting - Pitching for Detroit Tigers : RHP Rich Mason
Pitching: RHP Cristia Bishop
Batting: RHB Edgardo Cortéz 0-0: Fly out, F4 (Popup, 3S, EV 81.3 MPH)
Pinch Hitting: RHB Cristoforo Fiesole 0-0: Foul Ball, location: 3F
0-1: Ground out 6-3 (Groundball, 56, EV 84.4 MPH)
Batting: LHB Tony Cooper 0-0: Called Strike
0-1: Ball
1-1: Foul Ball, location: 25F
1-2: Ball
2-2: Strikes out swinging
Top of the 8th over - 0 runs, 0 hits, 0 errors, 0 left on base; Miami 1 - Detroit 5
BOTTOM OF THE 8TH
Detroit Tigers batting - Pitching for Miami Marlins : LHP Michael Kirian
Pitching: RHP Ed Petty
Now at 2B: Cristoforo Fiesole
Batting: LHB Jacob Skole 0-0: Ball
1-0: Ground out 6-3 (Groundball, 6, EV 104.4 MPH)
Batting: RHB Dansby Swanson 0-0: Foul Ball, location: 25FF
0-1: Ball
1-1: Swinging Strike
1-2: Foul Ball, location: 23F
1-2: SINGLE (Flyball, 3D, EV 85.6 MPH)
Batting: SHB Jake Venables 0-0: Ball
1-0: Called Strike
1-1: SINGLE (Line Drive, 8LS, EV 101.9 MPH)
Dansby Swanson to second
Batting: SHB Matt Wieters 0-0: Called Strike
0-1: TRIPLE (Line Drive, 9LD, EV 105.0 MPH)
Dansby Swanson scores
Jake Venables scores
Batting: RHB Joe Sherburne 0-0: Foul Ball, location: 2F
0-1: Swinging Strike
0-2: Ball
1-2: Foul Ball, location: 7LMF
1-2: SINGLE (Groundball, 15, EV 72.5 MPH) (infield hit)
Batting: RHB Eloy Jimenez 0-0: Ball
1-0: Ball
2-0: Swinging Strike
2-1: Foul Ball, location: 5FF
2-2: Strikes out swinging
Batting: RHB Christopher Hines 0-0: Ball
1-0: Called Strike
1-1: Called Strike
1-2: Ball
Wild Pitch!
Matt Wieters scores
Joe Sherburne to second
2-2: Ball
3-2: Foul Ball, location: 5SF
3-2: Strikes out swinging
Bottom of the 8th over - 3 runs, 4 hits, 0 errors, 1 left on base; Miami 1 - Detroit 8
TOP OF THE 9TH
Miami Marlins batting - Pitching for Detroit Tigers : RHP Cristia Bishop
Pinch Hitting: LHB David Young 0-0: Ball
1-0: Ball
2-0: Ball
3-0: Called Strike
3-1: Base on Balls
Pinch Hitting: RHB Will Holland 0-0: Called Strike
0-1: Foul Ball, location: 2F
0-2: Strikes out swinging
Batting: RHB Grant Delpit 0-0: Called Strike
0-1: Ball
1-1: Swinging Strike
1-2: Strikes out looking
Pitching: RHP Rusty Demmitt
Batting: SHB Endy Rodriguez 0-0: Ball
1-0: Foul Ball, location: 3F
1-1: Foul Ball, location: 3DF
1-2: Ball
2-2: Strikes out swinging
Top of the 9th over - 0 runs, 0 hits, 0 errors, 1 left on base; Miami 1 - Detroit 8
Sunday, March 24th , 2024 - OOTP Baseball 24.11 Build 85